Map: Dusty Gorge

Players

Akito

  • Race: Protoss Protoss
  • League: Platinum
  • Spawn Location: 5:00

VIH

  • Race: Zerg Zerg
  • Spawn Location: 3:00

OpuS - Winner!

  • Race: Protoss Protoss
  • League: Platinum
  • Spawn Location: 11:00

Sketchaphone - Winner!

  • Race: Zerg Zerg
  • League: Platinum
  • Spawn Location: 9:00

VOD

Have the link to the VOD?

Description

Time

  • Played on: Feb. 13, 2019, 7:41 p.m.
  • Length: 14:20
Show
View Real Time Build Order
Export as new Build Order

Akito Protoss 

Build Orders:  

Get SALT Encoding   

  12  0:03  Probe  
  13  0:15  Probe  
  14  0:22  Pylon  
  14  0:27  Probe  
  15  0:36  Probe  
  16  0:45  Probe  
  16  0:48  Forge  
  17  0:55  Probe  
  18  1:07  Probe  
  19  1:11  Pylon  
  19  1:19  Probe  
  20  1:30  Photon Cannon  
  20  1:31  Probe  
  21  1:39  Pylon  
  21  1:43  Probe  
  21  1:55  Probe  
  22  2:03  Photon Cannon  
  22  2:07  Probe  
  22  2:20  Probe  
  23  2:31  Nexus  
  23  2:32  Probe, Photon Cannon  
  24  2:38  Gateway  
  24  2:44  Probe  
  25  3:11  Pylon  
  25  3:15  Assimilator  
  25  3:16  Pylon  
  25  3:23  Photon Cannon  
  25  4:02  Photon Cannon  
  25  4:03  Assimilator  
  25  4:05  Pylon  
  25  4:11  Probe  
  26  4:17  Photon Cannon  
  26  4:23  Probe  
  27  4:31  Cybernetics Core  
  27  4:33  Gateway  
  27  4:35  Pylon, Probe  
  28  4:44  Gateway  
  28  4:48  Probe  
  29  4:58  Assimilator  
  29  5:00  Probe  
  30  5:10  Warp Gate  
  30  5:14  Probe  
  30  5:15  Probe  
  32  5:26  Probe  
  32  5:27  Probe  
  34  5:32  Pylon  
  34  5:38  Probe  
  34  5:39  Probe  
  34  5:41  Gateway  
  30  5:50  Shield Battery  
  30  5:51  Probe x2  
  30  6:03  Probe x2  
  32  6:07  Shield Battery  
  32  6:09  Photon Cannon  
  30  6:28  Stalker x3  
  28  6:55  Pylon  
  26  7:14  Zealot x3  
  32  7:34  Probe x2  
  34  7:40  Assimilator  
  34  7:46  Probe x2  
  36  7:56  Photon Cannon  
  36  7:58  Probe x2  
  37  8:04  Stalker x2  
  42  8:10  Probe x2  
  42  8:17  Stalker  
  44  8:22  Probe, Photon Cannon  
  44  8:23  Probe  
  44  8:24  Shield Battery  
  46  8:34  Probe  
  46  8:35  Probe  
  48  8:42  Stalker  
  48  8:46  Probe  
  48  8:47  Probe  
  52  8:48  Protoss Ground Weapons Level 1  
  52  8:53  Gateway  
  52  8:58  Probe  
  53  9:23  Photon Cannon  
  53  9:24  Stalker, Pylon  
  53  9:25  Stalker  
  57  9:33  Pylon  
  57  9:51  Photon Cannon  
  57  9:54  Probe x2  
  59  10:00  Stalker  
  59  10:01  Stalker  
  59  10:06  Probe x2  
  63  10:16  Stalker  
  63  10:18  Probe x2  
  61  10:25  Stalker  
  61  10:30  Probe x2  
  53  10:42  Probe x2  
  40  10:50  Stalker x2  
  40  10:51  Stalker  
  40  10:53  Zealot  
  44  11:17  Stalker  
  44  11:18  Stalker  
  41  12:30  Nexus  
  41  12:33  Pylon  
  41  12:38  Assimilator  
  41  12:42  Pylon  
  41  12:43  Pylon  
  41  12:58  Forge  
  41  13:02  Assimilator  
  35  13:52  Photon Cannon  
  35  13:53  Photon Cannon  
  35  13:55  Photon Cannon  
  35  14:12  Cybernetics Core  
Show
View Real Time Build Order
Export as new Build Order

VIH Zerg 

Build Orders: Pool First, Lurkers 

Get SALT Encoding   

  12  0:03  Drone  
  13  0:09  Drone  
  14  0:24  Extractor x2  
  14  0:25  Drone x2  
  16  0:40  Spawning Pool  
  15  1:02  Hatchery  
  14  1:18  Drone x2, Extractor x2  
  12  1:20  Overlord  
  16  1:37  Queen  
  18  1:40  Drone  
  18  1:42  Drone  
  20  1:51  Drone  
  21  2:03  Drone  
  22  2:19  Queen  
  22  2:20  Drone x2  
  26  2:27  Extractor  
  25  2:32  Drone x2  
  25  2:34  Drone  
  28  2:42  Spine Crawler x2  
  28  2:43  Drone  
  27  2:50  Zergling x2  
  28  2:54  Spine Crawler  
  28  2:55  Overlord  
  28  2:58  Extractor  
  26  3:00  Zergling x4  
  29  3:08  Overlord  
  29  3:17  Overlord  
  28  3:30  Drone  
  28  3:31  Drone x4  
  33  3:34  Spore Crawler  
  33  3:37  Spore Crawler  
  31  3:41  Zergling x2  
  31  3:42  Zergling x6  
  35  3:58  Drone x2  
  37  4:08  Roach Warren  
  36  4:20  Drone x4  
  36  4:21  Drone x2  
  36  4:22  Drone  
  43  4:35  Spine Crawler  
  41  5:03  Roach  
  41  5:04  Overlord  
  43  5:09  Metabolic Boost  
  43  5:16  Lair  
  43  5:18  Extractor  
  42  5:24  Drone x3  
  42  5:25  Drone  
  46  5:31  Spine Crawler  
  46  5:35  Evolution Chamber, Drone, Extractor  
  44  5:36  Drone x8, Extractor  
  51  5:44  Overlord  
  46  6:28  Spine Crawler  
  46  6:31  Zergling x2  
  46  6:32  Zergling x16  
  52  6:42  Zerg Ground Armor Level 1  
  52  6:43  Spine Crawler  
  36  7:03  Roach x5  
  36  7:04  Roach x4  
  43  7:15  Roach  
  43  7:16  Roach  
  43  7:34  Roach x4  
  51  7:47  Zergling x6  
  51  7:48  Zergling x2  
  41  7:59  Zergling x6  
  41  8:00  Zergling x2  
  43  8:07  Zergling x2  
  43  8:09  Queen  
  43  8:13  Drone  
  43  8:19  Drone  
  46  8:20  Drone x2  
  47  8:30  Drone x2  
  47  8:31  Drone  
  50  8:36  Zerg Missile Weapons Level 1  
  50  8:42  Hydralisk Den  
  50  8:45  Drone x3  
  52  8:49  Overlord  
  52  9:02  Overlord  
  51  9:03  Overlord  
  51  9:16  Zergling x2  
  50  9:17  Zergling x12  
  53  9:28  Drone  
  53  9:29  Lurker Den  
  53  9:37  Drone x3  
  56  9:46  Drone x3  
  56  9:47  Drone x2  
  61  9:57  Drone  
  62  10:11  Hydralisk x2  
  62  10:12  Hydralisk x4  
  74  10:21  Hydralisk x2  
  67  10:33  Hydralisk x3  
  71  10:40  Zergling x6  
  68  10:48  Hydralisk  
  68  10:49  Hydralisk  
  60  11:00  Zergling x4  
  53  11:17  Lurker  
  50  11:20  Lurker  
  50  11:22  Hydralisk  
  50  11:23  Hydralisk x5  
  59  11:59  Lurker  
  59  12:00  Lurker x2  
  62  12:17  Zergling x4  
  62  12:18  Zergling x12  
  62  12:19  Zergling x6  
  73  12:26  Hatchery  
  72  12:34  Hydralisk x2  
  75  13:04  Hydralisk  
  75  13:05  Hydralisk x8  
  74  13:26  Hydralisk  
  76  13:35  Spore Crawler x2  
  76  13:36  Spore Crawler  
  76  13:39  Hydralisk x4  
  76  13:40  Spore Crawler  
  63  14:13  Hatchery  
Show
View Real Time Build Order
Export as new Build Order

OpuS Protoss - Winner!

Build Orders: Carriers 

Get SALT Encoding   

  12  0:01  Probe  
  13  0:13  Probe  
  14  0:23  Pylon  
  14  0:26  Probe  
  15  0:41  Probe  
  16  0:49  Gateway  
  16  0:53  Probe  
  17  0:57  Assimilator  
  17  1:05  Probe  
  18  1:17  Pylon  
  18  1:18  Probe  
  19  1:26  Probe  
  19  1:32  Zealot  
  20  1:35  Probe  
  20  1:39  Forge  
  23  1:42  Pylon  
  23  1:54  Probe  
  23  2:06  Probe  
  24  2:13  Photon Cannon  
  24  2:20  Zealot, Probe  
  24  2:21  Photon Cannon  
  27  2:28  Probe  
  27  2:36  Probe  
  28  2:39  Cybernetics Core  
  28  2:52  Probe  
  28  2:54  Assimilator  
  29  3:02  Warp Gate  
  29  3:04  Probe  
  30  3:10  Gateway  
  30  3:14  Gateway  
  30  3:16  Probe  
  31  3:20  Stalker  
  33  3:38  Gateway  
  33  3:50  Stargate  
  33  3:52  Pylon  
  33  3:55  Zealot  
  33  3:57  Zealot  
  33  4:02  Stalker  
  39  4:15  Pylon  
  39  4:23  Pylon  
  39  4:27  Stalker  
  39  4:28  Stalker  
  43  4:40  Oracle  
  46  4:54  Zealot x2  
  50  5:07  Zealot x2  
  54  5:27  Nexus  
  54  5:48  Stalker x4  
  56  6:27  Stalker x4  
  56  6:28  Probe  
  56  6:32  Pylon  
  59  6:41  Probe  
  57  7:03  Stalker x3  
  57  7:04  Stalker  
  63  7:15  Probe x2  
  63  7:20  Stargate  
  59  7:27  Probe x2  
  57  7:47  Void Ray  
  59  8:06  Void Ray  
  63  8:13  Probe x2  
  63  8:17  Assimilator  
  65  8:21  Assimilator  
  65  8:24  Twilight Council  
  65  8:25  Zealot x4, Probe x2  
  75  8:33  Pylon  
  75  8:37  Probe  
  76  8:43  Void Ray  
  80  9:00  Pylon  
  80  9:01  Pylon  
  80  9:03  Zealot x2  
  84  9:18  Zealot x2, Charge  
  88  9:28  Void Ray  
  92  9:49  Pylon  
  92  10:03  Fleet Beacon  
  92  10:07  Nexus  
  64  10:44  Pylon  
  64  10:46  Zealot x4  
  64  10:48  Carrier  
  78  10:53  Carrier  
  70  11:19  Probe x3  
  70  11:21  Zealot x4  
  81  11:46  Probe x3  
  84  11:50  Robotics Facility  
  84  11:53  Carrier  
  90  11:58  Probe x3  
  90  12:00  Stargate  
  93  12:10  Probe x3  
  96  12:17  Protoss Air Weapons Level 1  
  96  12:19  Carrier  
  102  12:23  Probe x3  
  105  12:31  Pylon  
  106  12:37  Observer  
  106  12:38  Zealot  
  106  12:39  Zealot x2  
  112  12:57  Carrier  
  119  12:58  Observer  
  119  13:02  Stargate  
  119  13:04  Carrier  
  123  13:08  Assimilator  
  123  13:12  Assimilator  
  123  13:13  Cybernetics Core  
  117  13:35  Zealot x4  
  125  13:43  Gateway  
  125  13:45  Gateway  
  125  13:50  Gateway  
  125  13:51  Gateway  
Show
View Real Time Build Order
Export as new Build Order

Sketchaphone Zerg - Winner!

Build Orders: Hatch First 

Get SALT Encoding   

  12  0:01  Drone  
  13  0:12  Overlord  
  13  0:18  Drone  
  14  0:31  Drone x2  
  14  0:34  Drone  
  17  0:54  Hatchery  
  16  1:00  Drone  
  16  1:01  Extractor  
  16  1:02  Drone  
  17  1:21  Spawning Pool  
  16  1:30  Drone  
  17  1:33  Drone  
  17  1:35  Drone  
  19  1:50  Overlord  
  19  2:09  Queen  
  19  2:10  Zergling x6  
  19  2:11  Metabolic Boost  
  24  2:15  Drone  
  24  2:18  Zergling x2  
  26  2:26  Zergling x2  
  27  2:44  Zergling x2  
  27  2:45  Zergling x4  
  27  2:48  Spine Crawler  
  27  2:49  Zergling x2  
  30  2:52  Zergling x2  
  30  2:56  Evolution Chamber  
  30  2:58  Queen  
  32  3:00  Zergling x2  
  33  3:09  Zergling x4  
  33  3:12  Zergling x2  
  35  3:28  Zergling x2  
  35  3:30  Overlord  
  36  3:40  Zergling x2  
  35  3:47  Zergling x4  
  35  3:49  Zergling x4  
  35  3:54  Zergling x2  
  37  3:56  Zerg Melee Weapons Level 1  
  37  3:58  Drone  
  38  4:04  Baneling Nest, Drone  
  32  4:18  Zergling x6  
  33  4:27  Zergling x2  
  33  4:30  Drone x3  
  37  4:35  Drone  
  37  4:36  Drone  
  38  4:52  Zergling x10  
  37  5:00  Baneling x4  
  37  5:01  Baneling x2  
  37  5:03  Zergling x2  
  37  5:06  Drone  
  39  5:07  Zergling x2  
  40  5:14  Zergling x2  
  40  5:19  Zergling x2  
  42  5:25  Overlord  
  42  5:27  Lair  
  42  5:28  Drone  
  43  5:32  Zergling x2  
  44  5:39  Overlord  
  44  5:45  Zergling x8  
  48  5:50  Drone  
  48  5:52  Zergling x2  
  48  5:53  Drone  
  45  6:24  Baneling x10  
  43  6:25  Zergling x14  
  43  6:26  Zergling x4  
  52  6:35  Zergling x2  
  53  6:44  Drone  
  46  7:03  Zergling x8  
  46  7:08  Baneling x6  
  48  7:09  Zergling x4  
  49  7:29  Zergling x6  
  47  7:30  Zergling x2  
  44  7:37  Extractor  
  42  7:47  Zergling x10  
  42  7:53  Drone  
  42  7:56  Drone  
  43  8:02  Extractor  
  43  8:04  Hatchery, Extractor  
  39  8:11  Zergling x4  
  38  8:16  Drone  
  39  8:20  Spire  
  39  8:23  Evolution Chamber, Drone  
  39  8:25  Drone x2  
  39  8:26  Drone  
  36  8:27  Hatchery  
  36  8:31  Drone  
  36  8:32  Overlord  
  36  8:33  Drone x2  
  38  8:39  Drone  
  39  8:43  Baneling  
  39  8:44  Baneling  
  39  8:59  Drone  
  39  9:01  Overlord, Drone  
  39  9:02  Drone  
  41  9:05  Zergling x2  
  42  9:14  Zergling x8  
  46  9:27  Drone x5  
  51  9:33  Zergling x4  
  53  9:43  Zergling x8  
  57  9:48  Zerg Flyer Weapons Level 1  
  57  9:55  Zergling x6  
  57  9:59  Drone x2  
  62  10:05  Drone x2  
  64  10:09  Mutalisk x2  
  64  10:13  Zergling x4  
  68  10:25  Zergling x10  
  68  10:26  Zergling x8  
  75  10:32  Zergling x4  
  75  10:35  Spine Crawler  
  76  10:39  Drone x3  
  71  10:52  Zergling x8  
  74  10:58  Zergling x8  
  74  11:01  Zerg Melee Weapons Level 2  
  78  11:05  Mutalisk  
  78  11:06  Overlord  
  78  11:08  Overlord  
  78  11:09  Overlord  
  79  11:13  Zergling x4  
  77  11:23  Mutalisk  
  77  11:24  Mutalisk x5  
  88  11:31  Pneumatized Carapace, Mutalisk  
  88  11:32  Mutalisk  
  92  11:33  Mutalisk  
  92  11:35  Drone  
  92  11:36  Drone  
  95  11:48  Overseer  
  94  11:58  Mutalisk x4  
  102  12:02  Zerg Ground Armor Level 1  
  102  12:03  Overlord x2  
  102  12:04  Drone  
  103  12:13  Infestation Pit  
  103  12:14  Drone  
  103  12:15  Drone, Extractor  
  103  12:16  Extractor  
  103  12:20  Overseer  
  103  12:21  Queen  
  103  12:22  Overlord, Drone  
  105  12:23  Mutalisk  
  107  12:41  Zergling x28  
  107  12:43  Mutalisk  
  123  12:45  Mutalisk  
  123  12:50  Centrifical Hooks  
  125  12:59  Overseer  
  113  13:34  Mutalisk x6  
  111  13:49  Mutalisk x2  
  111  13:52  Zergling x4  
  117  13:55  Zergling x12  
  117  13:59  Zergling x4  
Tags
 
Add a new tag
Caveats
  • Supply blocks, unpowered buildings, or Contaminate may cause inaccurate times.
  • Supply counts are checked every 10 seconds.